 Dungeon Crawl Stone Soup version 0.26-a0-712-ga5a9c9c9d0 (webtiles) character file.

Game seed: 13263317705203965071

28 ringo67 the Firebug (level 3, -12/31 HPs)
             Began as an Ogre Fire Elementalist on Nov 2, 2020.
             Killed by nerve-wracking pain
             ... invoked by Jessica
              (14 damage)
             ... on level 2 of the Dungeon.
             The game lasted 00:02:12 (1298 turns).

ringo67 the Firebug (Ogre Fire Elementalist)        Turns: 1298, Time: 00:02:12

Health: -12/31     AC:  3    Str: 12    XL:     3   Next: 14%
Magic:  0/7        EV: 10    Int: 17    God:
Gold:   181        SH:  0    Dex:  9    Spells: 7/8 levels left

rFire    . . .     SeeInvis .   f - +0 dagger
rCold    . . .     Faith    .   (no shield)
rNeg     . . .     Spirit   .   a - +0 robe
rPois    .         Reflect  .   (helmet restricted)
rElec    .         Harm     .   (no cloak)
rCorr    .         Rampage  .   (gloves unavailable)
MR       .....                  (boots unavailable)
Stlth    +.........             (no amulet)
HPRegen  0.10/turn              (no ring)
MPRegen  0.10/turn              (no ring)

@: no status effects
A: large, unfitting armour, tough skin 1
a: no special abilities


You were on level 2 of the Dungeon.
You visited 1 branch of the dungeon, and saw 2 of its levels.

You collected 181 gold pieces.

Inventory:

Hand Weapons
 f - a +0 dagger (weapon)
Missiles
 g - 14 poisoned darts (quivered)
Armour
 a - a +0 robe (worn)
Scrolls
 b - 2 scrolls of identify {unknown}
 h - a scroll of enchant armour {unknown}
 j - a scroll of amnesia {unknown}
Potions
 c - a potion of mutation {unknown}
 d - a potion of might
 e - 2 potions of heal wounds {unknown}
 i - a potion of resistance {unknown}


   Skills:
 - Level 1.7 Dodging
 - Level 1.4 Stealth
 + Level 3.0 Spellcasting
 + Level 1.6 Conjurations
 + Level 3.1 Fire Magic


You had 7 spell levels left.
You knew the following spells:

 Your Spells              Type           Power        Failure   Level
a - Foxfire               Conj/Fire      ##..         7%          1

Your spell library contained the following spells:

 Spells                   Type           Power        Failure   Level
 Conjure Flame            Conj/Fire      ##......     21%         3
 Inner Flame              Hex/Fire       #.......     26%         3
 Sticky Flame             Conj/Fire      ##......     54%         4
 Fireball                 Conj/Fire      ##........   88%         5


Dungeon Overview and Level Annotations

Branches:
Dungeon (2/15)

Altars:

Annotations:
D:2 Jessica


Innate Abilities, Weirdness & Mutations

You are too large for most types of armour.
You have tough skin. (AC +1)


Message History

The foxfire hits Jessica but does no damage.
Jessica is almost dead.
The foxfire hits Jessica but does no damage.
Jessica is almost dead.
Jessica completely misses you.
You hit Jessica but do no damage.
Jessica is almost dead.
Jessica hits you with a +1 dagger of protection. x2
You barely miss Jessica.
Jessica is severely wounded.
Jessica hits you with a +1 dagger of protection.
You hit Jessica but do no damage.
Jessica is severely wounded.
Jessica hits you with a +1 dagger of protection.
Jessica casts a spell at you. Pain shoots through your body!
* * * LOW HITPOINT WARNING * * *
Jessica points at you and mumbles some strange words.
Pain shoots through your body!
You die...

###.#.###.# #.......#
###.##### #########.#
#.......#.# .#
######.#####.#.# ..
#......#####.#.#
#.#####..#.#.##......#
#....).......@@.##.###
#######.####.......#
#...<..#######
########


You could see Jessica (fast, strong).

Vanquished Creatures
  4 bats (D:1)
  5 giant cockroaches (D:1)
  3 goblins (D:1)
  3 hobgoblins (D:1)
  7 kobolds
  4 rats (D:1)
26 creatures vanquished.

Vanquished Creatures (collateral kills)
  3 foxfires (D:1)
3 creatures vanquished.

Vanquished Creatures (others)
  74 foxfires
  7 fungi (D:1)
  4 toadstools (D:1)
85 creatures vanquished.

Grand Total: 114 creatures vanquished

Notes
Turn   | Place    | Note
-------+----------+-------------------------------------------
     0 | D:1      | ringo67 the Ogre Fire Elementalist began the quest for the
                  | Orb.
     0 | D:1      | Reached XP level 1. HP: 16/16 MP: 3/3
    75 | D:1      | Reached skill level 1 in Conjurations
   179 | D:1      | Reached XP level 2. HP: 24/24 MP: 0/5
   866 | D:1      | Reached XP level 3. HP: 31/31 MP: 5/7
  1277 | D:2      | Noticed Jessica
  1296 | D:2      | HP: 1/31 [Jessica/nerve-wracking pain (11)]
  1298 | D:2      | Killed from afar by Jessica

Illustrated notes

Levels and vault maps discovered:
D:1:      psy_arrival_whirlpool, layout_loops_ring, minmay_gold_behind_fungi
D:2:      layout_loops_cross, dancing_weapons_uskayaw, uniq_jessica,
          uniq_sigmund

Skill      XL: |  1  2 |
---------------+-------+-----
Conjurations   | 1 |  1.6
Fire Magic     | 3 |  3.1
Spellcasting   | 3 |  3.0
Dodging        | |  1.7
Stealth        | |  1.4

Action                   || total
-------------------------++-------
Melee: Unarmed           ||     2
       Dagger            ||    34
 Cast: Foxfire           ||    48
 Stab: Sleeping          ||     1
Armor: Robe              ||    18
Dodge: Dodged            ||    22

Table legend: (Time is in decaauts)
 A = Elapsed time spent in this place.
 B = Non-inter-level travel time spent in this place.
 C = Inter-level travel time spent in this place.
 D = Time resting spent in this place.
 E = Time spent auto-exploring this place.
 F = Levels seen in this place.
 G = Mean time per level.
                   A        B        C        D        E       F      G
               +--------+--------+--------+--------+--------+-----+--------+
         Total |   1298 |   1277 |     21 |    247 |    772 |   2 |  649.0 |
       Dungeon |   1298 |   1277 |     21 |    247 |    772 |   2 |  649.0 |
               +--------+--------+--------+--------+--------+-----+--------+

Top non-repeatable levels by time:
     D:1: 1226 daAuts
     D:2: 71 daAuts
